 Dungeon Crawl Stone Soup version 0.29.1-12-g30fa7ad0bf (webtiles) character file.

Game seed: 801535965963216076

11 hawla the Chiller (level 2, -1/20 HPs)
             Began as a Meteoran Ice Elementalist on Jan 3, 2023.
             Slain by a worm (10 damage)
             ... on level 2 of the Dungeon.
             The game lasted 00:00:48 (131 turns).

hawla the Chiller (Meteoran Ice Elementalist)        Turns: 131, Time: 00:00:49

Health: -1/20      AC:  2    Str:  9    XL:     2   Next: 58%
Magic:  2/6        EV: 12    Int: 16    God:
Gold:   46         SH:  0    Dex: 14    Spells: 5/6 levels left

rFire   . . .      SeeInvis .   (no weapon)
rCold   . . .      Faith    .   (no shield)
rNeg    . . .      Spirit   .   a - +0 robe
rPois   .          Reflect  .   (no helmet)
rElec   .          Harm     .   (no cloak)
rCorr   .          Rampage  .   (no gloves)
Will    .....                   (no boots)
Stlth   +.........              (no amulet)
HPRegen 0.06/turn               (no ring)
MPRegen 0.10/turn               (no ring)

@: glowing
A: sense surroundings 1, otherworldly, glowing, explore regen
a: no special abilities


You were on level 2 of the Dungeon.
You visited 1 branch of the dungeon, and saw 2 of its levels.

You collected 46 gold pieces.

Inventory:

Armour
 a - a +0 robe (worn)
Scrolls
 c - a scroll of enchant weapon {unknown}
Potions
 b - a potion of magic


   Skills:
 + Level 2.5 Dodging
 - Level 1.4 Stealth
 + Level 2.9 Spellcasting
 + Level 4.8 Ice Magic


You had 5 spell levels left.
You knew the following spells:

 Your Spells              Type           Power      Damage    Failure   Level
a - Freeze                Ice            68%        1d8       2%          1

Your spell library contained the following spells:

 Spells                   Type           Power      Damage    Failure   Level
 Frozen Ramparts          Ice            34%        1d6       8%          3
 Ozocubu's Armour         Ice            17%        N/A       8%          3
 Hailstorm                Conj/Ice       10%        3d5       56%         4


Dungeon Overview and Level Annotations

Branches:
Dungeon (2/15) Zot: 1067

Altars:


Innate Abilities, Weirdness & Mutations

You passively map a small area around you.
You are easily found by Zot.
You glow in the dark.
You regain HP and MP as you explore.


Message History

The worm is almost dead.
The worm closely misses you.
Casting: Freeze (safe; 2% risk of failure)
Confirm with . or Enter, or press ? or * to list all spells.
Aiming: Freeze (safe; 2% risk of failure)
Press: ? - help, Shift-Dir - straight line, f/p - worm
Aim: a worm (almost dead)
You freeze the worm.
The worm is almost dead.
Unknown command.
Casting: Freeze (safe; 2% risk of failure)
Confirm with . or Enter, or press ? or * to list all spells.
Aiming: Freeze (safe; 2% risk of failure)
Press: ? - help, Shift-Dir - straight line, f/p - worm
Aim: a worm (almost dead)
You freeze the worm!
You kill the worm!
You see here a worm corpse.
Found a sling.
You see here a +0 sling.
A worm comes into view.
The worm bites you!
Ouch! That really hurt!
Casting: Freeze (safe; 2% risk of failure)
Confirm with . or Enter, or press ? or * to list all spells.
Aiming: Freeze (safe; 2% risk of failure)
Press: ? - help, Shift-Dir - straight line, f - worm
Aim: a worm You freeze the worm.
The worm is lightly wounded.
Casting: Freeze (safe; 2% risk of failure)
Confirm with . or Enter, or press ? or * to list all spells.
Aiming: Freeze (safe; 2% risk of failure)
Press: ? - help, Shift-Dir - straight line, f/p - worm
Aim: a worm (lightly wounded)
You freeze the worm!
The worm is heavily wounded.
The worm bites you!
Ouch! That really hurt!
You die...

* , , .# , , , .### ,
*#+# .... ,, #.# , *#...
, #<#### * #..#* *
#....## #..#
######.##..#
#.w###...†.♣.##.##
...###.@#......♣♣♣....#
........#.##.♣..♣..♣..##
###.........♣♣♣...♣♣♣..#
#.....#.♣..♣..♣..♣..♣.
#..#.##♣♣♣...♣♣♣...♣♣♣
#..#....♣.)♣..♣..♣..♣.
... ..#....♣♣♣...♣♣♣...
*,
....#.###.♣..♣).♣..♣..♣.
... ... #♣♣♣...♣♣♣...♣♣♣


You could see a worm.

Vanquished Creatures
  A worm (D:2)
  2 bats (D:1)
  2 endoplasms
  A goblin (D:1)
  A hobgoblin (D:2)
7 creatures vanquished.

Notes
Turn   | Place    | Note
-------+----------+-------------------------------------------
     0 | D:1      | hawla the Meteoran Ice Elementalist began the quest for the
                  | Orb.
     0 | D:1      | Reached XP level 1. HP: 14/14 MP: 5/5
    17 | D:1      | Found a faded altar of an unknown god.
    48 | D:1      | Reached XP level 2. HP: 18/20 MP: 4/6
   131 | D:2      | Slain by a worm

Illustrated notes

Levels and vault maps discovered:
D:1:      ebering_hopf_link, layout_rooms, ebering_ecumenical_altar_abandoned
D:2:      layout_basic, minmay_hedge_maze, hangedman_decor_growths,
          kennysheep_doodads, roderic_lattice_a, feat_on_display

Action                   || total
-------------------------++-------
 Cast: Freeze            ||    16
Armor: Robe              ||     3
Dodge: Dodged            ||     9
